 Dungeon Crawl Stone Soup version 0.20.1-1-g8b1a95d (webtiles) character file.

7185 JeffiDaFish the Cleaver (level 10, -1/90 HPs)
             Began as a Minotaur Fighter on Jan 9, 2018.
             Was a Follower of Okawaru.
             Slain by a spiny frog (15 damage)
             ... on level 1 of the Lair of Beasts.
             The game lasted 00:18:24 (8578 turns).

JeffiDaFish the Cleaver (Minotaur Fighter)          Turns: 8578, Time: 00:18:24

Health: -1/90      AC: 22    Str: 20    XL:     10   Next: 87%
Magic:  9/9        EV:  7    Int:  5    God:    Okawaru [*.....]
Gold:   680        SH: 12    Dex: 14    Spells: 9/9 levels left

rFire    . . .     SeeInvis .   p - +1 broad axe
rCold    . . .     Gourm    .   c - +0 shield
rNeg     . . .     Faith    .   v - +2 plate armour
rPois    .         Spirit   .   (helmet restricted)
rElec    .         Reflect  .   B - +0 cloak
rCorr    +         Harm     .   F - +0 pair of gloves
MR       +....                  e - +2 pair of boots
Stlth    ..........             s - amulet of regeneration
Regen    0.7/turn               g - ring of resist corrosion
MPRegen  0.2/turn               m - ring of flight

@: lethally poisoned (-1 -> -5)
A: retaliatory headbutt, claws 1, horns 2, magic resistance 1
a: Heroism, Renounce Religion, Evoke Flight


You were on level 1 of the Lair of Beasts.
You worshipped Okawaru.
Okawaru was aware of your devotion.
You were not hungry.

You visited 3 branches of the dungeon, and saw 11 of its levels.
You also visited: Sewer.

You collected 680 gold pieces.

Inventory:

Hand Weapons
 p - a +1 broad axe (weapon)
 E - a +6 morningstar
Armour
 c - a +0 shield (worn)
 e - a +2 pair of boots (worn)
 v - a +2 plate armour (worn)
 B - a +0 cloak (worn)
 F - a +0 pair of gloves (worn)
Jewellery
 g - a ring of resist corrosion (left hand)
 m - a ring of flight (right hand)
 s - an amulet of regeneration (around neck)
Wands
 w - a wand of iceblast (12/15)
 A - a wand of flame (29/48)
Scrolls
 h - 2 scrolls of amnesia
 i - 5 scrolls of identify
 q - 3 scrolls of remove curse
 u - a scroll of magic mapping
 y - 2 scrolls of teleportation
 z - a scroll of fear
Potions
 a - a potion of haste
 d - 5 potions of might
 l - 2 potions of agility
 n - 2 potions of brilliance
 o - 4 potions of heal wounds
 r - a potion of invisibility
 x - 2 potions of flight
Books
 b - a book of Minor Magic

   Spells                             Type                      Level
   a - Magic Dart                     Conjuration                  1
   b - Blink                          Translocation                2
   c - Call Imp                       Summoning                    2
   d - Slow                           Hexes                        2
   e - Conjure Flame                  Conjuration/Fire             3
   f - Mephitic Cloud                 Conjuration/Poison/Air       3
Comestibles
 f - 6 bread rations
 j - 7 meat rations
 k - 14 royal jellies
 D - 9 fruits


   Skills:
 * Level 8.5 Fighting
 * Level 12.5 Axes
 * Level 9.6 Armour
 + Level 4.9 Dodging
 - Level 1.2 Stealth
 * Level 9.3 Shields


You had 9 spell levels left.
You didn't know any spells.

Dungeon Overview and Level Annotations

Branches:
Dungeon (9/15)             Temple (1/1) D:7            Lair (1/6) D:8
    Orc: D:9-12

Altars:
Ashenzari
Cheibriados
Dithmenos
Elyvilon
Fedhas
Gozag
Hepliaklqana
Kikubaaqudgha
Makhleb
Nemelex Xobeh
Okawaru
Qazlal
Ru
Sif Muna
Trog
Uskayaw
Vehumet
Xom
Yredelemnul
Zin
The Shining One

Shops:
D:7 (


Innate Abilities, Weirdness & Mutations

You reflexively headbutt those who attack you in melee.
You have a pair of horns on your head.
You have sharp fingernails.
You are resistant to hostile enchantments. (MR+)


Message History

You slash the komodo dragon!
You feel sick.
The komodo dragon bites you but does no damage.
The spiny frog barely misses you.
You feel much better.
You feel sick. The komodo dragon bites you.
The spiny frog stings you but does no damage.
You completely miss the spiny frog.
The spiny frog is heavily wounded.
You barely miss the komodo dragon.
You feel sick. The komodo dragon bites you!
The spiny frog stings you but does no damage.
You slash the spiny frog!
The spiny frog is severely wounded.
You hit the komodo dragon.
You feel sick. The spiny frog stings you!
* * * LOW HITPOINT WARNING * * *
The komodo dragon bites you!
* * * LOW HITPOINT WARNING * * *
You block the spiny frog's attack.
You feel much better.
You feel sick. The komodo dragon bites you!!
* * * LOW HITPOINT WARNING * * *
The spiny frog stings you!
You die...

######.P#######P#####.##
........................
#..................#.#
#..................###
#.....##P.####......##
#.....#......#........
#.....#...>.........#.
#.....#......#.....###
#....@#............# #
#...lF###+####.....#
#+#....H.............###
........................
........................
........................
........................
........................
.|............. ...


You could see a komodo dragon, a hippogriff and a spiny frog.

Vanquished Creatures
  A two-headed ogre (D:8)
  Pikel (D:5)
  An ugly thing (D:8)
  An elephant (D:8)
  A troll (D:9)
  Prince Ribbit (D:7)
  The ghost of kinenseiburu the Grave Robber, an amateur HuWn (D:4)
  A hippogriff (D:8)
  2 basilisks (D:8)
  An orc warrior (D:8)
  3 black bears
  An ice beast (D:6)
  5 sky beasts
  2 slaves (D:5)
  A phantom (D:4)
  3 ogres
  A centaur (D:6)
  2 crocodiles (Lair:1)
  2 big kobolds
  5 bullfrogs
  5 scorpions
  3 killer bees (D:7)
  6 wights (D:9)
  2 howler monkeys (D:4)
  6 crimson imps
  A centaur zombie (D:7)
  3 hounds
  3 orc priests
  5 jellies
  A bullfrog skeleton (D:9)
  10 orc wizards
  Crazy Yiuf (D:7)
  2 centaur skeletons
  Terence (D:2)
  2 iguanas
  11 worker ants
  A hound zombie (D:5)
  A worker ant zombie (D:6)
  Robin (D:2)
  7 gnolls
  14 adders
  A river rat (Sewer)
  3 shadow imps
  6 oozes
  2 adder skeletons
  2 worms
  2 dart slugs
  7 leopard geckos
  27 orcs
  2 ball pythons
  5 bats
  11 giant cockroaches
  11 goblins
  15 hobgoblins
  9 jackals
  2 quokkas
  A ball python skeleton (D:5)
  6 frilled lizards
  A jackal skeleton (D:4)
  33 kobolds
  A leopard gecko skeleton (D:4)
  9 rats
  4 fungi (D:4)
  11 plants (D:4)
293 creatures vanquished.

Vanquished Creatures (others)
  An ogre (D:5)
  A scorpion (D:5)
  A jackal (D:5)
  2 plants (D:4)
5 creatures vanquished.

Grand Total: 298 creatures vanquished

Notes
Turn   | Place    | Note
-------+----------+-------------------------------------------
     0 | D:1      | JeffiDaFish the Minotaur Fighter began the quest for the Orb.
     0 | D:1      | Reached XP level 1. HP: 19/19 MP: 0/0
   349 | D:1      | Reached XP level 2. HP: 23/27 MP: 1/1
   925 | D:2      | Reached XP level 3. HP: 32/33 MP: 2/2
   946 | D:2      | Noticed Terence
   949 | D:2      | Reached skill level 3 in Axes
   953 | D:2      | Noticed Robin
   957 | D:2      | Killed Terence
   957 | D:2      | Reached XP level 4. HP: 37/40 MP: 3/3
   959 | D:2      | Killed Robin
  1002 | D:2      | Found a shattered altar of Ashenzari.
  1110 | D:2      | Reached skill level 1 in Dodging
  1473 | D:3      | Reached XP level 5. HP: 39/47 MP: 4/4
  1485 | D:3      | Reached skill level 4 in Axes
  2146 | D:3      | Found a sparkling altar of Nemelex Xobeh.
  2147 | D:3      | Found a white marble altar of Elyvilon.
  2277 | D:4      | Noticed an ogre
  2284 | D:3      | Reached skill level 5 in Axes
  2284 | D:3      | Reached XP level 6. HP: 5/53 MP: 0/5
  2288 | D:3      | Reached skill level 5 in Shields
  2555 | D:4      | Noticed a sky beast
  2564 | D:4      | Killed a sky beast
  2564 | D:4      | Reached skill level 6 in Axes
  2564 | D:4      | Reached skill level 5 in Armour
  2571 | D:4      | Reached XP level 7. HP: 56/60 MP: 6/6
  2580 | D:4      | Noticed kinenseiburu's ghost (amateur HuWn)
  2593 | D:4      | Killed kinenseiburu's ghost
  2593 | D:4      | Reached skill level 5 in Fighting
  2593 | D:4      | Reached skill level 7 in Axes
  2806 | D:4      | Found a basalt altar of Yredelemnul.
  2894 | D:4      | Reached skill level 1 in Stealth
  3025 | D:4      | Found a blossoming altar of Fedhas.
  3063 | D:4      | Reached skill level 8 in Axes
  3063 | D:4      | Reached XP level 8. HP: 58/68 MP: 7/7
  3324 | D:4      | Found a radiant altar of Vehumet.
  3894 | D:5      | Entered Level 5 of the Dungeon
  3943 | D:5      | Reached skill level 9 in Axes
  3984 | D:5      | Noticed Pikel
  3998 | D:5      | Killed Pikel
  4069 | D:5      | Reached XP level 9. HP: 66/75 MP: 8/8
  4141 | D:5      | Found a snail-covered altar of Cheibriados.
  4280 | D:5      | Reached skill level 10 in Axes
  4314 | D:6      | Found a glowing drain.
  4371 | Sewer    | Entered a sewer
  4458 | Sewer    | Found a white marble altar of Elyvilon.
  5196 | D:6      | Gained mutation: You are resistant to hostile enchantments. (MR+) [potion of mutation]
  5196 | D:6      | Gained mutation: You have sharp fingernails. [potion of mutation]
  5463 | D:7      | Found Leriumu's Antique Weapon Emporium.
  5781 | D:7      | Found a hazy altar of Hepliaklqana.
  5908 | D:7      | Noticed Prince Ribbit
  6086 | D:7      | Killed Prince Ribbit
  6086 | D:7      | Reached skill level 11 in Axes
  6134 | D:7      | Found a runed door.
  6138 | D:7      | Noticed Crazy Yiuf
  6141 | D:7      | Killed Crazy Yiuf
  6310 | D:7      | Found a staircase to the Ecumenical Temple.
  6315 | Temple   | Entered the Ecumenical Temple
  6720 | D:8      | Noticed an elephant
  6733 | D:8      | Reached XP level 10. HP: 56/84 MP: 9/9
  6748 | D:8      | Killed an elephant
  6826 | D:8      | Found a staircase to the Lair.
  6969 | D:8      | Noticed a two-headed ogre
  6976 | D:8      | Killed a two-headed ogre
  6976 | D:8      | Reached skill level 12 in Axes
  7133 | D:8      | Noticed a cyan ugly thing
  7145 | D:8      | Killed a cyan ugly thing
  7662 | D:9      | Found an iron altar of Okawaru.
  7674 | D:9      | Became a worshipper of Warmaster Okawaru
  7787 | D:9      | Found a stormy altar of Qazlal.
  8009 | D:9      | Reached * piety under Okawaru
  8279 | Lair:1   | Entered Level 1 of the Lair of Beasts
  8563 | Lair:1   | Noticed a spiny frog
  8578 | Lair:1   | Slain by a spiny frog

Skill      XL: |  1  2  3  4  5  6  7  8  9 10 |
---------------+-------------------------------+-----
Armour         | 4 5 6 8 9 |  9.6
Shields        | 4 5 6 8 9 |  9.3
Fighting       | 4 5 6 8 |  8.5
Axes           | 3 5 6 8 9 11 12 | 12.5
Dodging        | 1 2 3 4 |  4.9
Stealth        | 1 |  1.2

Action                   |  1- 3 |  4- 6 |  7- 9 | 10-12 || total
-------------------------+-------+-------+-------+-------++-------
Melee: War axe           |    63 |    74 |       |       ||   137
       Headbutt          |     9 |    24 |    95 |    41 ||   169
       Broad axe         |       |    77 |   429 |   150 ||   656
       Morningstar       |       |       |       |    16 ||    16
 Abil: Evoke Flight      |       |       |     1 |       ||     1
  Use: Scroll            |     3 |     3 |     9 |     5 ||    20
       Potion            |     3 |     5 |     3 |     3 ||    14
  Eat: Chunk             |       |     5 |    14 |     7 ||    26
Armor: Scale mail        |    30 |    75 |    96 |       ||   201
       Chain mail        |       |       |    45 |    19 ||    64
       Plate armour      |       |       |       |    60 ||    60
Dodge: Dodged            |    25 |    50 |   119 |    33 ||   227
Block: Shield            |    33 |    86 |   219 |    94 ||   432
